 Dungeon Crawl Stone Soup version 0.23.2-1-ga50397a6bc (webtiles) character file.

Game seed: 3532980705319371684

1082 BorisKarlOrff the Insei (level 8, -3/60 HPs)
             Began as a Merfolk Transmuter on May 25, 2019.
             Killed from afar by Sigmund (5 damage)
             ... with a magic dart
             ... on level 5 of the Dungeon.
             The game lasted 00:15:09 (5313 turns).

BorisKarlOrff the Insei (Merfolk Transmuter)        Turns: 5313, Time: 00:15:09

Health: -3/60      AC:  2    Str: 10    XL:     8   Next: 30%
Magic:  10/13      EV: 31    Int: 14    God:
Gold:   236        SH:  0    Dex: 25    Spells: 4/14 levels left

rFire    . . .     SeeInvis .     - Unarmed
rCold    . . .     Gourm    .   (shield currently unavailable)
rNeg     . . .     Faith    .   (armour currently unavailable)
rPois    x         Spirit   .   (helmet currently unavailable)
rElec    .         Reflect  .   (cloak currently unavailable)
rCorr    .         Harm     .   (gloves currently unavailable)
MR       .....                  (boots currently unavailable)
Stlth    ++++......             k - amulet of rage
HPRegen  0.20/turn              (no ring)
MPRegen  0.13/turn              (no ring)

@: agile, spider-form (expiring)
A: tiny, (change form in water), (swift swim), (stealthy swim)
a: End Transformation, Evoke Berserk Rage


You were on level 5 of the Dungeon.
You were full.
You were a venomous arachnid creature.
You visited 2 branches of the dungeon, and saw 6 of its levels.

You collected 236 gold pieces.

Inventory:

Hand Weapons
 s - a +5 quarterstaff of chaos (melded)
Missiles
 a - 117 arrows
Armour
 b - a +0 robe (melded)
 c - a +0 cloak (melded)
 u - a +0 pair of gloves (melded)
 v - a +1 hat (melded)
Jewellery
 k - an amulet of rage (around neck)
 o - an uncursed amulet of the acrobat {unknown}
Wands
 l - a wand of digging (9)
Scrolls
 e - 2 scrolls of remove curse
 j - a scroll of teleportation
Potions
 f - a potion of invisibility
 i - 2 potions of lignification
 m - a potion of magic {unknown}
 n - a potion of cancellation
 r - a potion of flight
 w - a potion of heal wounds {unknown}
Comestibles
 d - 5 rations


   Skills:
 + Level 3.9 Fighting
 + Level 2.3 Staves
 + Level 5.4 Dodging
 + Level 2.1 Stealth
 + Level 6.2 Unarmed Combat
 + Level 3.7 Spellcasting
 + Level 5.1 Transmutations
 + Level 0.9 Poison Magic


You had 4 spell levels left.
You knew the following spells:

 Your Spells              Type           Power        Failure   Level  Hunger
a - Beastly Appendage     Tmut           ###...       10%         1    None
b - Sticks to Snakes      Tmut           ###.....     12%         2    ##.....
c - Spider Form           Tmut/Pois      ##........   36%         3    ###....
d - Ice Form              Ice/Tmut       #.......     77%         4    ####...

Your spell library contained the following spells:

 Spells                   Type           Power        Failure   Level  Hunger
 Infusion                 Chrm           #...         41%         1    None
 Blade Hands              Tmut           ###.......   77%         5    ######.


Dungeon Overview and Level Annotations

Branches:
Dungeon (5/15)             Temple (1/1) D:5

Altars:
Ashenzari
Cheibriados
Elyvilon
Fedhas
Gozag
Hepliaklqana
Kikubaaqudgha
Nemelex Xobeh
Okawaru
Qazlal
Sif Muna
Trog
Vehumet
Xom
Zin
Lugonu

Annotations:
D:5 Sigmund


Message History

Sigmund is lightly wounded.
Sigmund hits you with a +0 scythe!
You hit Sigmund.
Sigmund looks as sick as possible!
Sigmund is moderately wounded.
You barely miss Sigmund.
Sigmund is heavily wounded.
Sigmund points at you and mumbles some strange words.
The puff of flame hits you!
* * * LOW HITPOINT WARNING * * *
You hit Sigmund but do no damage.
Sigmund looks as sick as possible!
Sigmund is heavily wounded.
Your transformation is almost over.
Sigmund points at you and mumbles some strange words.
The puff of flame hits you!
* * * LOW HITPOINT WARNING * * *
It was a potion of agility.
You feel agile all of a sudden. Sigmund gestures at you while chanting.
The magic dart hits you.
You die...

#.#### #>..............#
.....##.#...............#
#.##....#..#..#..#..#...#
#.# #.#...............#
#.# #.#################
#.. ..##.#.##.# ###
#.##.#.##.# ##. #
###.##.#.[..##.....
######..........s@J.....
.....).####.####.##.##..
)######## #.# #.#
#........ ..# #.#
##.########## #.. ## #.#
..# ###


You could see Sigmund and a jelly.

Vanquished Creatures
  Menkaure (D:4)
  Duvessa (D:5)
  A sky beast (D:5)
  An ice beast (D:5)
  An ogre (D:3)
  Dowan (D:5)
  A water moccasin skeleton (D:5)
  2 howler monkeys
  A jelly (D:5)
  Crazy Yiuf (D:3)
  Jessica (D:2)
  3 iguanas
  2 orc wizards
  A worker ant (D:4)
  4 adders
  A shadow imp (D:5)
  2 oozes
  An adder skeleton (D:4)
  3 worms
  4 dart slugs
  2 leopard geckos
  9 orcs
  8 bats
  9 giant cockroaches
  11 goblins
  15 hobgoblins
  2 quokkas
  4 frilled lizards (D:3)
  8 kobolds
  15 rats
116 creatures vanquished.

Vanquished Creatures (others)
  An orc wizard (D:5)
1 creature vanquished.

Grand Total: 117 creatures vanquished

Notes
Turn   | Place    | Note
-------+----------+-------------------------------------------
     0 | D:1      | BorisKarlOrff the Merfolk Transmuter began the quest for
                  | the Orb.
     0 | D:1      | Reached XP level 1. HP: 15/15 MP: 3/3
   177 | D:1      | Reached XP level 2. HP: 12/21 MP: 3/5
   234 | D:1      | Learned a level 2 spell: Sticks to Snakes
   416 | D:1      | Reached XP level 3. HP: 22/26 MP: 4/6
   421 | D:1      | Learned a level 3 spell: Spider Form
  1038 | D:2      | Reached skill level 4 in Unarmed Combat
  1181 | D:2      | Reached XP level 4. HP: 23/32 MP: 7/7
  1228 | D:2      | Found an ancient bone altar of Kikubaaqudgha.
  1234 | D:2      | Found a deep blue altar of Sif Muna.
  1236 | D:2      | Found a radiant altar of Vehumet.
  1240 | D:2      | Identified Sif Muna's Papyrus of Enhancements
  1460 | D:2      | Noticed Jessica
  1466 | D:2      | Killed Jessica
  1713 | D:3      | Reached skill level 1 in Stealth
  1713 | D:3      | Reached XP level 5. HP: 16/37 MP: 2/9
  2336 | D:3      | Found a runed translucent door.
  2337 | D:3      | Noticed Crazy Yiuf
  2531 | D:3      | Noticed an ogre
  2540 | D:3      | Killed an ogre
  2540 | D:3      | Reached XP level 6. HP: 18/43 MP: 6/10
  2552 | D:3      | Reached skill level 5 in Unarmed Combat
  3199 | D:3      | Killed Crazy Yiuf
  3225 | D:3      | Learned a level 4 spell: Ice Form
  3658 | D:4      | Noticed Menkaure
  3666 | D:4      | Killed Menkaure
  3666 | D:4      | Reached XP level 7. HP: 9/49 MP: 7/12
  3996 | D:4      | Found a shattered altar of Ashenzari.
  4287 | D:5      | Entered Level 5 of the Dungeon
  4324 | D:5      | Reached skill level 1 in Staves
  4557 | D:5      | Found a staircase to the Ecumenical Temple.
  4607 | Temple   | Entered the Ecumenical Temple
  4764 | D:5      | Reached skill level 5 in Dodging
  4764 | D:5      | Reached skill level 6 in Unarmed Combat
  4795 | D:5      | HP: 2/51 [sky beast (6)]
  4797 | D:5      | Reached skill level 5 in Transmutations
  4797 | D:5      | Reached XP level 8. HP: 11/58 MP: 11/13
  5125 | D:5      | Noticed Duvessa
  5125 | D:5      | Noticed Dowan
  5141 | D:5      | Killed Dowan
  5157 | D:5      | Killed Duvessa
  5301 | D:5      | Noticed Sigmund
  5312 | D:5      | HP: 2/60 [Sigmund/puff of flame (13)]
  5313 | D:5      | Killed from afar by Sigmund

Skill      XL: |  1  2  3  4  5  6  7  8 |
---------------+-------------------------+-----
Transmutations | 3 4 5 |  5.1
Dodging        | 3 4 5 |  5.4
Unarmed Combat | 4 5 6 |  6.2
Stealth        | 1 2 |  2.1
Spellcasting   | 3 |  3.7
Fighting       | 3 |  3.9
Staves         | 1 2 |  2.3
Poison Magic   | |  0.9

Action                   |  1- 3 |  4- 6 |  7- 9 || total
-------------------------+-------+-------+-------++-------
Melee: Unarmed           |   107 |   151 |    42 ||   300
       Headbutt          |    15 |    11 |     3 ||    29
       Punch             |     1 |     1 |       ||     2
       Quarterstaff      |       |    13 |    46 ||    59
 Cast: Beastly Appendage |    22 |    25 |     7 ||    54
       Sticks to Snakes  |     3 |       |       ||     3
       Spider Form       |       |     6 |     3 ||     9
  Use: Scroll            |       |     2 |     9 ||    11
       Potion            |       |     1 |     2 ||     3
 Stab: Sleeping          |     1 |     4 |     1 ||     6
       Distracted        |       |       |     1 ||     1
  Eat: Ration            |     1 |     3 |     2 ||     6
Armor: Robe              |    26 |    19 |    13 ||    58
       Skin              |       |     3 |     2 ||     5
Dodge: Dodged            |    97 |   135 |    65 ||   297
